 Dungeon Crawl Stone Soup version 0.28.0 (webtiles) character file.

Game seed: 8699377656673765191

346 RighteousDevil the Slasher (level 6, -16/50 HPs)
             Began as a Palentonga Chaos Knight on Feb 9, 2022.
             Was a Plaything of Xom.
             Demolished by Menkaure (17 damage)
             ... on level 4 of the Dungeon.
             The game lasted 00:04:47 (3189 turns).

RighteousDevil the Slasher (PaCK)                   Turns: 3189, Time: 00:04:48

Health: -16/50     AC: 10    Str: 16      XL:     6   Next: 32%
Magic:  6/6        EV:  9    Int: 12      God:    Xom [....*.]
Gold:   159        SH:  0    Dex:  9 (11) Spells: 5/5 levels left

rFire   . . .      SeeInvis +   a - +0 falchion (chaos)
rCold   + + .      Faith    .   (no shield)
rNeg    . . .      Spirit   .   b - +2 leather armour
rPois   .          Reflect  .   f - +1 hat
rElec   .          Harm     .   (no cloak)
rCorr   .          Rampage  .   m - +2 pair of gloves
Will    .....                   (no barding)
Stlth   +.........              (no amulet)
HPRegen 0.96/turn               (no ring)
MPRegen 0.10/turn               (no ring)

@: unable to read
A: large, rugged brown scales 3, see invisible, deformed body, roll 1, armoured
tail, stinger 1, agile 1, cold resistance 2, regeneration 1, weak 1, wild magic
1, evolution 1, inability to read while threatened
a: Rolling Charge, Renounce Religion


You were on level 4 of the Dungeon.
You worshipped Xom.
You were a beloved toy of Xom.
You visited 1 branch of the dungeon, and saw 4 of its levels.

You collected 159 gold pieces.

Inventory:

Hand Weapons
 a - a +0 falchion of chaos (weapon)
Missiles
 j - 4 javelins
Armour
 b - a +2 leather armour (worn)
 f - a +1 hat (worn)
 m - a +2 pair of gloves (worn)
Wands
 l - a wand of flame (13)
Scrolls
 d - a scroll of identify
 e - a scroll of fog {unknown}
 g - a scroll of magic mapping {unknown}
 i - a scroll of teleportation
 n - a scroll of vulnerability {unknown}
Potions
 c - a potion of brilliance
 h - 3 potions of flight


   Skills:
 - Level 3.0 Fighting
 + Level 7.2 Long Blades
 - Level 1.5 Armour
 - Level 0.7 Dodging


You had 5 spell levels left.
You didn't know any spells.
Your spell library contained the following spells:

 Spells                   Type           Power      Damage    Failure   Level
 Sublimation of Blood     Necr           0%         N/A       61%         2
 Wereblood                Tmut           0%         N/A       61%         2
 Summon Hydra             Summ           0%         N/A       100%        7


Dungeon Overview and Level Annotations

Branches:
Dungeon (4/15)
 Temple: D:4-7

Altars:

Annotations:
D:4 Menkaure


Innate Abilities, Weirdness & Mutations

You are completely covered in rugged brown scales. (AC +3, +7% HP)
You have supernaturally acute eyesight. (SInv)
Armour fits poorly on your strangely shaped body.
You can roll at nearby foes to attack.
You have a long armoured tail.
Your tail ends in a venomous barb.
You are agile. (Dex +2)
Your flesh is very cold resistant. (rC++)
Your natural rate of healing is unusually fast.
You are weak. (Str -2)
Your spells are a little harder to cast, but a little more powerful.
You have hidden genetic potential.
You sometimes lose the ability to read scrolls when taking damage.


Message History

Menkaure is moderately damaged.
Menkaure calls on the powers of darkness!
Your body is wracked with pain!
Unknown command.
Aiming: Throw Flame
Press: ? - help, Shift-Dir - straight line, f/p - Menkaure
Aim: Menkaure (moderately damaged, fast, 85% to hit)
The puff of flame hits Menkaure.
Menkaure is burned terribly!
Menkaure is heavily damaged.
Menkaure calls on the powers of darkness!
Your body is wracked with pain!
You feel threatened and lose the ability to read scrolls!
* * * LOW HITPOINT WARNING * * *
Unknown command.
Unknown command.
Okay, then.
Menkaure calls on the powers of darkness!
Your body is wracked with pain!
* * * LOW HITPOINT WARNING * * *
It was a potion of curing.
You feel better.
Xom thinks this is hilarious!
Aiming: Throw Flame
Press: ? - help, Shift-Dir - straight line, f/p - Menkaure
Aim: Menkaure (heavily damaged, fast, 85% to hit)
The puff of flame misses Menkaure.
Menkaure breathes soot at you. Menkaure barely misses you.
Unknown command.
Unknown command.
Aiming: Throw Flame
Press: ? - help, Shift-Dir - straight line, f/p - Menkaure
Aim: Menkaure (heavily damaged, fast, 85% to hit)
The puff of flame hits Menkaure!
Menkaure is burned terribly!
Menkaure is severely damaged.
Menkaure hits you!
* * * LOW HITPOINT WARNING * * *
Xom thinks this is hilarious!
Menkaure hits you!
You die...
Xom chortles!

########
#...<... ###
#§#####. .. #§#
#. #. #.# #.
#.###########.#
#.
#.M@..........#
#.
###############
#. #. #.


You could see Menkaure (fast).

Vanquished Creatures
  Grinder (D:3)
  A bullfrog skeleton (D:4)
  An iguana (D:3)
  3 adders
  2 worms (D:2)
  A dart slug (D:2)
  3 ball pythons
  7 endoplasms
  3 giant cockroaches
  10 hobgoblins
  3 quokkas
  5 bats
  3 frilled lizards
  8 goblins
  4 kobolds
  5 rats
60 creatures vanquished.

Notes
Turn   | Place    | Note
-------+----------+-------------------------------------------
     0 | D:1      | RighteousDevil the Palentonga Chaos Knight began the quest
                  | for the Orb.
     0 | D:1      | Reached XP level 1. HP: 19/19 MP: 1/1
   126 | D:1      | Reached XP level 2. HP: 24/25 MP: 2/2
   415 | D:1      | Found a faded altar of an unknown god.
   440 | D:1      | XOM: cloud trail
   761 | D:1      | XOM: silly message
   835 | D:2      | Reached skill level 4 in Long Blades
  1038 | D:2      | Reached XP level 3. HP: 31/31 MP: 3/3
  1199 | D:2      | XOM: cloud trail
  1399 | D:2      | XOM: give mutations
  1399 | D:2      | Gained mutation: Your flesh is cold resistant. (rC+) [Xom's
                  | grace]
  1399 | D:2      | Gained mutation: Your flesh is very cold resistant. (rC++)
                  | [Xom's grace]
  1399 | D:2      | Gained mutation: Your spells are a little harder to cast,
                  | but a little more powerful. [Xom's grace]
  1458 | D:2      | XOM: give mutations
  1458 | D:2      | Gained mutation: You are weak. (Str -2) [Xom's mischief]
  1458 | D:2      | Gained mutation: You are dopey. (Int -2) [Xom's mischief]
  1458 | D:2      | Gained mutation: You are agile. (Dex +2) [Xom's mischief]
  1599 | D:2      | XOM is BORED!
  1599 | D:2      | XOM: summons 1 hostile demon
  1793 | D:2      | XOM: scenery: 2 doors open
  1834 | D:2      | XOM: give mutations
  1834 | D:2      | Lost mutation: You are dopey. (Int -2) [Xom's mischief]
  1834 | D:2      | Gained mutation: You sometimes lose the ability to read
                  | scrolls when taking damage. [Xom's mischief]
  1834 | D:2      | Lost mutation: Your spells are a little harder to cast, but
                  | a little more powerful. [Xom's mischief]
  2126 | D:2      | XOM: cloud trail
  2352 | D:3      | Reached skill level 5 in Long Blades
  2352 | D:3      | Reached XP level 4. HP: 30/37 MP: 4/4
  2473 | D:3      | Noticed Grinder
  2484 | D:3      | XOM: potion effect (heal wounds)
  2492 | D:3      | XOM: cast spell 'Statue Form'
  2494 | D:3      | Paralysed by Grinder for 5 turns
  2504 | D:3      | XOM: cleaving
  2514 | D:3      | Killed Grinder
  2515 | D:3      | Reached skill level 6 in Long Blades
  2515 | D:3      | Reached XP level 5. HP: 19/43 MP: 5/5
  2515 | D:3      | Reached XP level 6. HP: 22/50 MP: 6/6
  2538 | D:3      | XOM: summons 4 hostile demons
  2602 | D:3      | XOM: give mutations
  2602 | D:3      | Gained mutation: Your tail ends in a venomous barb. [Xom's
                  | grace]
  2602 | D:3      | Gained mutation: Your spells are a little harder to cast,
                  | but a little more powerful. [Xom's grace]
  2602 | D:3      | Gained mutation: Your natural rate of healing is unusually
                  | fast. [Xom's grace]
  2602 | D:3      | Gained mutation: You have hidden genetic potential. [Xom's
                  | grace]
  2657 | D:3      | XOM: 9-stop teleportation journey
  2922 | D:3      | Reached skill level 7 in Long Blades
  3148 | D:4      | XOM: enchant monster (good)
  3149 | D:4      | XOM: fog
  3182 | D:4      | Noticed Menkaure
  3189 | D:4      | HP: 1/50 [Menkaure (16)]
  3189 | D:4      | Demolished by Menkaure

Illustrated notes

Levels and vault maps discovered:
D:1:      dpeg_arrival_arbitrary_b, layout_basic, basic_ecumenical_altar
D:2:      minmay_skewed_foursquare, layout_basic, kennysheep_doodads
D:3:      cheibrodos_greedy_goblins, layout_loops_ring, uniq_grinder
D:4:      layout_loops_ring, minmay_temple_entry_overgrown, guppyfry_shop_venom,
          uniq_menkaure

Skill      XL: |  1  2  3  4  5  6 |
---------------+-------------------+-----
Long Blades    | 4 5 6 7 |  7.2
Fighting       | |  3.0
Armour         | |  1.5
Dodging        | |  0.7

Action                   |  1- 3 |  4- 6 || total
-------------------------+-------+-------++-------
Melee: Falchion          |   104 |    85 ||   189
       Tailslap          |     9 |     5 ||    14
Evoke: Wand              |       |     5 ||     5
  Use: Scroll            |     2 |     1 ||     3
       Potion            |       |     2 ||     2
 Stab: Paralysed         |       |     3 ||     3
Armor: Leather armour    |    56 |    31 ||    87
       Skin              |       |    48 ||    48
Dodge: Dodged            |    47 |    58 ||   105
